 Dungeon Crawl Stone Soup version 0.16-a0-2652-gd333f3b (webtiles) character file.

8801 RobertPalmer the Covert (level 11, 24/61 HPs)
             Began as an Octopode Ice Elementalist on Nov 23, 2014.
             Was an Elder of Dithmenos.
             Quit the game on level 3 of the Lair of Beasts.
             The game lasted 00:52:23 (17104 turns).

RobertPalmer the Covert (OpIE)                     Turns: 17104, Time: 00:52:23

Health: 24/61      AC:  1    Str:  8    XL:     11   Next: 36%
Magic:  3/18       EV: 12    Int: 17    God:    Dithmenos [****..]
Gold:   315        SH:  6    Dex: 16    Spells: 4 memorised, 3 levels left

rFire  . . .     SeeInvis .     b - +0 blowgun
rCold  . . .     Clarity  .     A - +2 buckler
rNeg   . . .     SustAb   .     (helmet restricted)
rPois  .         Gourm    .     i - amulet of guardian spirit
rElec  .         Spirit   +     d - ring of wizardry
rCorr  .         Warding  .     n - ring of wizardry
rMut   .         Stasis   .     z - ring of flight
MR     .....                    (no ring)
Stlth  ++++++++++               (no ring)
                                (no ring)
                                (no ring)
                                (no ring)

@: wreathed by umbra, not resistant to hostile enchantments, uncannily stealthy
A: almost no armour, amphibious, 8 rings, constrict 8, camouflage 1, gelatinous
body 1
a: Shadow Step, Renounce Religion, Evoke Flight


You were on level 3 of the Lair of Beasts.
You worshipped Dithmenos.
Dithmenos was greatly pleased with you.
You were not hungry.

You visited 3 branches of the dungeon, and saw 13 of its levels.

You collected 543 gold pieces.
You spent 228 gold pieces at shops.


Innate Abilities, Weirdness & Mutations

You cannot wear most types of armour.
You are amphibious.
You can wear up to eight rings at the same time.
You can use your tentacles to constrict many enemies at once.
Your skin changes colour to match your surroundings (Stealth).
Your rubbery body absorbs attacks (AC +1).


   Skills:
 - Level 10.0 Polearms
 - Level 2.0 Dodging
 - Level 14.4 Stealth
 - Level 2.0 Shields
 - Level 2.5 Spellcasting
 - Level 5.5 Conjurations
 - Level 3.7 Summonings
 + Level 6.7 Ice Magic


You had 3 spell levels left.
You knew the following spells:

 Your Spells              Type           Power        Failure   Level  Hunger
a - Ozocubu's Armour      Chrm/Ice       ##......     4%          3    ###....
c - Throw Icicle          Conj/Ice       ###.....     4%          4    #####..
x - Summon Ice Beast      Ice/Summ       ###.....     7%          4    #####..
z - Freeze                Ice            ####         1%          1    #......

Inventory:

Hand weapons
 a - a +0 trident
 b - a +0 blowgun (weapon)
Missiles
 l - 42 poisoned needles (quivered)
 r - 2 poisoned tomahawks
 J - 7 needles of confusion
Armour
 A - a +2 buckler (worn)
Magical staves
 o - an uncursed staff of power {!a}
Jewellery
 d - a ring of wizardry (left tentacle)
 i - an amulet of guardian spirit (around mantle)
 n - a ring of wizardry (right tentacle)
 y - an uncursed amulet of resist corrosion
 z - a ring of flight (on tentacle)
Magical devices
 p - a wand of enslavement (9)
 s - a wand of disintegration (8)
 u - a wand of lightning (7)
 w - a wand of draining (0)
 F - a wand of polymorph (0)
 G - a wand of draining (0)
Scrolls
 g - 5 scrolls of remove curse
 C - 3 scrolls of identify
 D - a scroll of amnesia
Potions
 e - a potion of brilliance {unknown}
 h - a potion of restore abilities {unknown}
 j - a potion of flight
 m - a potion of berserk rage {unknown}
 q - 2 potions of resistance
 v - a potion of lignification {unknown}
 x - a potion of agility
 H - a potion of curing
Books
 k - a book of Frost
 B - a book of Wizardry
 E - a book of Clouds
 I - a book of Necromancy
Comestibles
 c - 4 bread rations
 t - 4 fruits
 K - 4 chunks of flesh {@w1}

Dungeon Overview and Level Annotations

Branches:
Dungeon (9/15)             Temple (1/1) D:4            Lair (3/8) D:8
  Swamp: Lair:3-6    Shoals: Lair:3-6     Snake: Lair:3-6    Spider: Lair:3-6
    Orc: D:9-12

Altars:
Ashenzari
Dithmenos
Elyvilon
Fedhas
Gozag
Kikubaaqudgha
Makhleb
Nemelex Xobeh
Okawaru
Qazlal
Ru
Sif Muna
Trog
Xom
Yredelemnul
Zin
The Shining One

Shops:
D:4 =   D:7 [

Annotations:
Lair:3 Nergalle, Rupert

##†.....#..## #
#......P..#....
###†††............
#..................
#.#................#
#
##...............##
##...............#
#........§§.......#
##.......§@§......#
#.......§@.......#
#................#
#................#
###............###
####..#.P.#.##
#.#..#####.# ##..##
#...###


You could see Rupert (berserk).


Message History

Zapping:
F - a wand of polymorph {zapped: 2} (will waste charges)
Aim: Rupert, wielding a battleaxe of freezing and wearing a scale mail (berserk, fast, unusually strong, umbra) Rupert resists with almost no effort.
Evoking this partially-identified wand wasted a few charges.
Rupert misses you.
Evoke which item? (* to show all) (? for menu, Esc to quit)
Zapping:
F - a wand of polymorph {zapped: 4} (will waste charges)
Aim: Rupert, wielding a battleaxe of freezing and wearing a scale mail (berserk, fast, unusually strong, umbra) Rupert resists with almost no effort.
Evoking this partially-identified wand wasted a few charges.
Rupert misses you.
Rupert hits your ice beast with a battleaxe of freezing!!
Your ice beast dies!
Evoke which item? (* to show all) (? for menu, Esc to quit)
Zapping:
F - a wand of polymorph {zapped: 6} (will waste charges)
Aim: Rupert, wielding a battleaxe of freezing and wearing a scale mail (berserk, fast, unusually strong, umbra) Rupert resists with almost no effort.
Evoking this partially-identified wand wasted a few charges.
Rupert hits you with a battleaxe of freezing!!!
Ouch! That really hurt!
* * * LOW HITPOINT WARNING * * *
You emit a cloud of dark smoke.
Rupert freezes you.
* * * LOW HITPOINT WARNING * * *
Evoke which item? (* to show all) (? for menu, Esc to quit)
Zapping:
F - a wand of polymorph {zapped: 8} (will waste charges)
Aim: Rupert, wielding a battleaxe of freezing and wearing a scale mail (black smoke, berserk, fast, unusually strong, umbra) Nothing appears to happen.
Rupert closely misses you. Rupert closely misses you.
Evoke which item? (* to show all) (? for menu, Esc to quit)
Okay, then.
Are you sure you want to abandon this character and quit the game? (Confirm with "yes".)

Action                   |  1- 3 |  4- 6 |  7- 9 | 10-12 || total
-------------------------+-------+-------+-------+-------++-------
Melee: Unarmed           |    84 |    77 |       |       ||   161
       Spear             |       |    12 |       |   151 ||   163
       Trident           |       |    43 |   170 |    94 ||   307
 Fire: Blowgun           |     3 |     1 |    55 |    39 ||    98
Throw: Tomahawk          |       |     5 |     6 |     1 ||    12
 Cast: Freeze            |    22 |    46 |     6 |    21 ||    95
       Ozocubu's Armour  |     2 |    10 |     2 |     1 ||    15
       Summon Ice Beast  |       |     4 |    60 |    57 ||   121
       Throw Icicle      |       |       |       |    17 ||    17
Evoke: Wand              |       |       |       |    10 ||    10
  Use: Scroll            |     2 |     4 |    12 |    11 ||    29
       Potion            |       |       |     2 |     7 ||     9
 Stab: Sleeping          |     5 |     5 |    21 |    30 ||    61
       Distracted        |     1 |       |     1 |     7 ||     9
       Invisible         |       |       |    10 |       ||    10
  Eat: Chunk             |     3 |    11 |    23 |    20 ||    57
       Bread ration      |       |     1 |     1 |     3 ||     5
       Meat ration       |       |       |     1 |       ||     1
       Beef jerky        |       |       |       |     2 ||     2

Vault maps used:
D:1:      evilmike_arrival_fibonacci_small
D:3:      tso_metal_star, serial_undead, serial_undead_c, serial_undead_c,
          serial_undead_f, serial_undead_a
D:4:      bloody_trog, amethyst_overflow_temple_binary,
          minmay_temple_entry_purple_smoke, first_bread, serial_shops,
          kennysheep_mini, serial_park_tiny_2
D:5:      grunt_gozag_breadcrumbs
D:6:      lemuel_ice_spiral_2, hangedman_decor_slide_cut
D:7:      nicolae_overflow_hidden_temple, kennysheep_mini_moat,
          okawaru_metal_pillars_1_2, tgw_xom, serial_shops, shop,
          tgw_kikubaaqudgha, uniq_duvessa
D:8:      overflow_temple_1_default, grunt_lair_entry_elf_guard_hut, uniq_pikel
D:9:      gammafunk_temple_overflow_statue, hangedman_pestilent_swarm,
          bh_circular_ruins, uniq_prince_ribbit1, uniq_eustachio, uniq_gastronok
Temple:   nicolae_temple_great_sept
Lair:1:   hibernation_bobbens
Lair:2:   lemuel_ratsnest, basic_altar, guppyfry_lair_drakes
Lair:3:   grunt_forest_small_clearings, uniq_nergalle, uniq_rupert

Notes
Turn   | Place    | Note
--------------------------------------------------------------
     0 | D:1      | RobertPalmer, the Octopode Ice Elementalist, began the quest for the Orb.
     0 | D:1      | Reached XP level 1. HP: 11/11 MP: 3/3
   126 | D:1      | Reached XP level 2. HP: 15/17 MP: 1/4
   758 | D:2      | Reached skill level 4 in Ice Magic
   758 | D:2      | Reached XP level 3. HP: 12/21 MP: 1/6
  1530 | D:3      | Learned a level 3 spell: Ozocubu's Armour
  1794 | D:3      | Reached XP level 4. HP: 27/27 MP: 5/8
  2047 | D:3      | Learned a level 4 spell: Summon Ice Beast
  2098 | D:3      | Found a glowing golden altar of the Shining One.
  2333 | D:3      | Reached skill level 5 in Ice Magic
  2333 | D:3      | Reached XP level 5. HP: 5/31 MP: 6/9
  3767 | D:4      | Found a staircase to the Ecumenical Temple.
  3789 | D:4      | Reached skill level 6 in Ice Magic
  3928 | Temple   | Entered the Ecumenical Temple
  4043 | Temple   | Became a worshipper of Dithmenos the Shadowed
  4318 | D:4      | Reached skill level 1 in Summonings
  4318 | D:4      | Reached XP level 6. HP: 19/36 MP: 4/11
  4731 | D:4      | Reached skill level 2 in Summonings
  4777 | D:4      | Found a shattered altar of Ashenzari.
  4777 | D:4      | Found a deep blue altar of Sif Muna.
  5243 | D:4      | Reached skill level 3 in Summonings
  5265 | D:4      | Found a bloodstained altar of Trog.
  5293 | D:4      | Got a faintly glowing dagger
  5295 | D:4      | Identified the cursed -2 dagger of Alahew {pierce, +Rage rPois SInv} (You found it on level 4 of the Dungeon)
  5713 | D:4      | Found Psunoilu's Jewellery Boutique.
  5873 | D:4      | Reached skill level 1 in Polearms
  5873 | D:4      | Reached XP level 7. HP: 39/41 MP: 7/12
  5906 | D:5      | Entered Level 5 of the Dungeon
  6208 | D:5      | Reached skill level 2 in Polearms
  6263 | D:5      | Reached skill level 3 in Polearms
  6305 | D:5      | Found an opulent altar of Gozag.
  6439 | D:5      | Reached skill level 4 in Polearms
  6760 | D:5      | Identified 2 potions of resistance
  7127 | D:6      | Acquired Dithmenos' first power
  7193 | D:6      | Reached skill level 5 in Polearms
  7193 | D:6      | Reached XP level 8. HP: 46/46 MP: 9/14
  7851 | D:6      | Reached skill level 6 in Polearms
  8370 | D:6      | Reached skill level 1 in Shields
  8397 | D:6      | Reached skill level 2 in Shields
  8685 | D:7      | Noticed Duvessa
  8685 | D:7      | Noticed Dowan
  8714 | D:7      | Killed Duvessa
  8724 | D:7      | Killed Dowan
  8724 | D:7      | Reached skill level 7 in Polearms
  8947 | D:7      | Found an iron altar of Okawaru.
  9050 | D:7      | Found a shimmering altar of Xom.
  9082 | D:7      | Found Froon's Antique Armour Shop.
  9089 | D:7      | Bought a pitted buckler for 228 gold pieces
  9100 | D:7      | Identified the +3 buckler of Wrong Decisions {Str+2 Int-4} (You bought it in a shop on level 7 of the Dungeon)
  9296 | D:7      | Found a sacrificial altar of Ru.
  9393 | D:7      | Reached skill level 8 in Polearms
  9400 | D:7      | Reached XP level 9. HP: 29/51 MP: 8/15
  9565 | D:7      | Found a blossoming altar of Fedhas.
  9617 | D:7      | Reached skill level 9 in Polearms
  9791 | D:7      | Reached skill level 10 in Polearms
  9944 | D:7      | Found an ancient bone altar of Kikubaaqudgha.
  9946 | D:7      | Reached skill level 3 in Stealth
 10373 | D:7      | Acquired Dithmenos' second power
 10373 | D:7      | Reached skill level 4 in Stealth
 10933 | D:8      | Noticed Pikel
 10943 | D:8      | Killed Pikel
 10943 | D:8      | Reached skill level 6 in Stealth
 11035 | D:8      | Reached skill level 7 in Stealth
 11297 | D:8      | HP: 4/51 [troll (12)]
 11333 | D:8      | Reached skill level 8 in Stealth
 11611 | D:8      | Reached skill level 9 in Stealth
 11611 | D:8      | Reached XP level 10. HP: 54/56 MP: 0/17
 11836 | D:8      | Found a burning altar of Makhleb.
 12040 | D:8      | Reached skill level 10 in Stealth
 12552 | D:8      | Found a staircase to the Lair.
 12737 | D:9      | Acquired Dithmenos' third power
 12738 | D:9      | Reached skill level 11 in Stealth
 12821 | Lair:1   | Entered Level 1 of the Lair of Beasts
 12917 | Lair:1   | Reached skill level 12 in Stealth
 13333 | Lair:1   | Learned a level 4 spell: Throw Icicle
 13488 | Lair:1   | Reached skill level 2 in Conjurations
 13589 | Lair:1   | Reached skill level 3 in Conjurations
 13897 | Lair:1   | Reached skill level 4 in Conjurations
 14508 | Lair:1   | Reached skill level 5 in Conjurations
 14827 | Lair:2   | Found an iron altar of Okawaru.
 15080 | Lair:2   | Reached XP level 11. HP: 55/61 MP: 2/18
 15216 | Lair:2   | Noticed a seven-headed hydra
 15293 | Lair:2   | Reached skill level 13 in Stealth
 15802 | Lair:2   | Killed a seven-headed hydra
 16171 | Lair:3   | Reached skill level 14 in Stealth
 16702 | Lair:3   | Noticed Nergalle
 17070 | Lair:3   | Noticed Rupert
 17104 | Lair:3   | Quit the game

Vanquished Creatures
  A hydra (Lair:2)
  A spiny frog (Lair:1)
  2 komodo dragons (Lair:3)
  A troll (D:8)
  A two-headed ogre (D:8)
  8 yaks
  A deep elf fighter (D:8)
  9 wolves (Lair:1)
  A water moccasin (Lair:1)
  An ice beast (D:8)
  2 orc warriors
  4 porcupines
  2 crocodiles
  A gnoll sergeant (D:8)
  5 giant frogs
  A jelly (D:7)
  A killer bee (D:7)
  4 scorpions
  3 goliath beetles (D:7)
  Dowan (D:7)
  3 orc priests
  A giant frog zombie (D:5)
  A centaur skeleton (D:6)
  4 hounds
  A centaur zombie (D:3)
  5 iguanas
  4 orc wizards
  3 worker ants
  5 sheep (Lair:3)
  3 worker ant zombies
  10 gnolls
  8 river rats
  10 adders
  A giant mite (D:3)
  A worm (D:2)
  2 adder zombies (D:3)
  7 giant geckos
  13 orcs
  5 giant cockroaches
  12 goblins
  9 hobgoblins
  12 kobolds
  8 quokkas
  A ball python skeleton (D:3)
  18 bats
  2 giant gecko skeletons
  4 giant newts
  3 jackals (D:4)
  A jackal skeleton (D:5)
  A jackal zombie (D:3)
  2 quokka skeletons
  24 rats
  A spectral orc (Lair:3)
235 creatures vanquished.

Vanquished Creatures (collateral kills)
  Pikel (D:8)
  2 spiny frogs
  A komodo dragon (Lair:1)
  A two-headed ogre (D:8)
  A basilisk (Lair:2)
  2 yaks (D:7)
  A hippogriff (D:7)
  A water moccasin (Lair:1)
  8 ogres
  2 slaves (D:8)
  3 centaurs
  Duvessa (D:7)
  A big kobold (D:8)
  3 giant frogs
  A water moccasin zombie (D:5)
  2 killer bees (D:7)
  A goliath beetle (D:7)
  A crimson imp (D:6)
  3 hounds
  2 orc priests
  A giant frog skeleton (D:8)
  An iguana (D:8)
  2 worker ants
  An orc wizard (D:7)
  A sheep (Lair:3)
  3 gnolls (D:8)
  2 adders
  14 river rats
  A shadow imp (D:5)
  An adder zombie (D:8)
  2 giant geckos
  15 orcs
  A bat (D:8)
  2 jackals (D:8)
  2 kobolds
  2 rats (D:8)
89 creatures vanquished.

Vanquished Creatures (others)
  A water moccasin (Lair:2)
  51 ice beasts
  A human (D:7)
  2 slaves (D:8)
  An orc wizard (D:8)
  A shadow imp (D:8)
  5 orcs (D:8)
  2 jackals (D:8)
  3 bats (D:8)
  2 rats (D:8)
  12 fungi (D:8)
  4 plants (D:8)
85 creatures vanquished.

Grand Total: 409 creatures vanquished
